 Dungeon Crawl Stone Soup version 0.23.1-37-gaa34b87 (webtiles) character file.

Game seed: 12597361824766679919

4198 Borgoz the Ducker (level 10, -6/83 HPs)
             Began as a Ghoul Enchanter on Mar 21, 2019.
             Was a Follower of Ashenzari.
             Killed from afar by Erolcha (25 damage)
             ... with a bolt of lightning
             ... on level 10 of the Dungeon.
             The game lasted 00:20:25 (9346 turns).

Borgoz the Ducker (Ghoul Enchanter)                 Turns: 9346, Time: 00:20:26

Health: -6/83      AC: 10    Str: 13    XL:     10   Next: 29%
Magic:  0/13       EV: 14    Int: 10    God:    Ashenzari [*.....]
Gold:   651        SH:  0    Dex: 12    Spells: 9/15 levels left

rFire    + . .     SeeInvis .   F - +0 short sword (venom)
rCold    + . .     Gourm    .   (no shield)
rNeg     + + +     Faith    .   h - +1 ring mail
rPois    ∞         Spirit   +   u - +0 helmet
rElec    .         Reflect  .   y - scarf {Spirit} (curse)
rCorr    .         Harm     .   (no gloves)
MR       .....                  c - +0 pair of boots
Stlth    +++.......             (no amulet)
HPRegen  0.00/turn              g - ring of stealth
MPRegen  0.13/turn              i - ring of protection from fire (curse)

@: rotting
A: rotting body, claws 1, carnivore, cold resistance 1, negative energy
resistance 3, inhibited regeneration, torment resistance, unbreathing
a: Curse Item, Scrying, Renounce Religion


You were on level 10 of the Dungeon.
You worshipped Ashenzari.
Ashenzari was aware of your devotion.
You were not hungry.

You visited 2 branches of the dungeon, and saw 11 of its levels.

You collected 675 gold pieces.
You spent 24 gold pieces at shops.

Inventory:

Hand Weapons
 a - a +2 dagger of venom
 b - a +2 dagger of protection
 j - a +0 vampiric rapier
 F - a +0 short sword of venom (weapon)
Missiles
 w - 3 javelins (quivered)
Armour
 c - a +0 pair of boots (worn)
 e - a +3 scale mail of fire resistance
 h - a +1 ring mail (worn)
 u - a +0 helmet (worn)
 y - a cursed scarf of spirit shield (worn)
 I - a +3 chain mail
Jewellery
 g - a ring of stealth (left claw)
 i - a cursed ring of protection from fire (right claw)
 D - a +1 ring of evasion
 E - an uncursed ring of flight
 G - the cursed ring "Ockoes" {+Blink +Fly Str-5 Dex-6}
   (You took it off an orc on level 8 of the Dungeon)

   [ring of dexterity]

   It affects your strength (-5).
   It affects your dexterity (-6).
   It lets you fly.
   It lets you blink.
   It has a curse placed upon it.
Wands
 k - a wand of digging (5)
 n - a wand of enslavement (14)
 q - a wand of polymorph (20)
 v - a wand of disintegration (35)
 J - a wand of flame (12)
 K - a wand of acid (6)
Scrolls
 l - 3 scrolls of amnesia
 o - 4 scrolls of remove curse
 p - 6 scrolls of teleportation
 s - a scroll of magic mapping
 t - a scroll of fog
 H - a scroll of enchant armour
Potions
 f - 2 potions of magic
 m - 2 potions of heal wounds
 r - 4 potions of curing
 z - a potion of agility
 A - 2 potions of resistance
 B - 2 potions of haste
 C - 2 potions of invisibility
Comestibles
 d - 18 rations


   Skills:
 + Level 5.6 Fighting
 * Level 7.0 Short Blades
 * Level 6.9 Armour
 * Level 7.3 Dodging
 + Level 3.2 Stealth
 - Level 3.0 Spellcasting
 + Level 2.4 Hexes


You had 9 spell levels left.
You knew the following spells:

 Your Spells              Type           Power        Failure   Level  Hunger
a - Corona                Hex            #......      21%         1    #......
b - Ensorcelled Hibernat  Hex/Ice        #.....       45%         2    ###....
c - Confuse               Hex            #.......     52%         3    ###....

Your spell library contained the following spells:

 Spells                   Type           Power        Failure   Level  Hunger
 Apportation              Tloc           #.....       47%         1    #......
 Summon Butterflies       Summ           #.......     47%         1    #......
 Summon Small Mammal      Summ           #...         47%         1    #......
 Tukima's Dance           Hex            #.......     52%         3    ###....
 Call Imp                 Summ           #.......     63%         2    ###....
 Dazzling Spray           Conj/Hex       #.....       69%         3    ###....
 Summon Guardian Golem    Hex/Summ       #.......     69%         3    ###....
 Call Canine Familiar     Summ           #.......     85%         3    ###....
 Lesser Beckoning         Tloc           #.........   85%         3    ###....
 Summon Ice Beast         Ice/Summ       #.......     99%         4    #####..
 Summon Lightning Spire   Summ/Air       #.......     99%         4    #####..
 Alistair's Intoxication  Tmut/Pois      #.......     100%        5    ######.
 Invisibility             Hex            #.......     100%        6    #######


Dungeon Overview and Level Annotations

Branches:
Dungeon (10/15)            Temple (1/1) D:6            Lair (0/6) D:9
    Orc: D:9-12

Altars:
Ashenzari
Cheibriados
Dithmenos
Elyvilon
Fedhas
Gozag
Hepliaklqana
Kikubaaqudgha
Makhleb
Nemelex Xobeh
Okawaru
Qazlal
Ru
Sif Muna
Trog
Uskayaw
Vehumet
Wu Jian
Xom
Yredelemnul
Zin
The Shining One

Shops:
D:4 ?   D:5 *

Annotations:
D:10 2 runed translucent doors, Erolcha


Innate Abilities, Weirdness & Mutations

Your body is rotting away.
You thrive on raw meat.
You are immune to poison.
You have sharp fingernails.
You are carnivorous and can eat meat at any time.
Your flesh is cold resistant. (rC+)
You are immune to negative energy. (rN+++)
You do not regenerate when monsters are visible.
You are immune to unholy pain and torment.
You can survive without breathing.


Message History

Erolcha casts a spell at you. The bolt of lightning hits you!!
Found an uncursed leather armour.
Found a runed translucent door.
You barely miss Erolcha. You hit Erolcha but do no damage.
Erolcha is poisoned.
Erolcha mumbles some strange words.
Erolcha flickers and vanishes!
Deactivating autopickup; reactivate with Ctrl-A.
No target in view!
No target in view!
You hit something but do no damage. Something hits you!!
You closely miss something. You hit something but do no damage.
Something hits you!!
* * * LOW HITPOINT WARNING * * *
You feel much better. Something hits you!
* * * LOW HITPOINT WARNING * * *
You hear some strange, mumbled words.
A bolt of lightning appears from out of thin air!
The bolt of lightning hits you!!
You die...

#... ##... #...
# #... .#
#..##.##..
#.{+..+..[
#..## #...#
#.@.## ##...#
#.#.###
#.#...### # ..
#.###...#+#...#
#.#####.....##
##
#..............
..
#.#############
#. #.# #.


There were no monsters in sight!

Vanquished Creatures
  Maurice (D:10)
  2 centaur skeletons
  A komodo dragon (D:9)
  Grinder (D:3)
  A hippogriff (D:9)
  Sigmund (D:2)
  A water moccasin (D:8)
  Duvessa (D:6)
  An orc warrior (D:8)
  2 ice beasts
  A phantom (D:5)
  A sky beast (D:8)
  A necrophage (D:7)
  2 ogres
  2 big kobolds
  A bullfrog (D:9)
  Dowan (D:6)
  6 scorpions
  5 killer bees (D:9)
  3 howler monkeys
  A bullfrog zombie (D:8)
  A crimson imp (D:9)
  A bullfrog skeleton (D:4)
  A centaur zombie (D:7)
  3 orc priests
  4 hounds
  3 jellies
  An iguana (D:6)
  Ijyb (D:4)
  Terence (D:2)
  3 orc wizards
  5 worker ants
  A killer bee zombie (D:6)
  3 hound zombies
  Robin (D:3)
  5 adders
  3 shadow imps
  An ooze (D:1)
  2 adder skeletons
  An adder zombie (D:6)
  3 worms
  3 dart slugs
  5 leopard geckos
  22 orcs
  2 ball pythons
  14 bats
  2 giant cockroaches (D:1)
  9 hobgoblins
  11 jackals
  6 quokkas
  5 frilled lizards
  24 goblins
  A jackal zombie (D:6)
  11 kobolds
  8 rats
203 creatures vanquished.

Vanquished Creatures (others)
  7 plants (D:9)
7 creatures vanquished.

Grand Total: 210 creatures vanquished

Notes
Turn   | Place    | Note
-------+----------+-------------------------------------------
     0 | D:1      | Borgoz the Ghoul Enchanter began the quest for the Orb.
     0 | D:1      | Reached XP level 1. HP: 14/14 MP: 2/2
   110 | D:1      | Reached skill level 1 in Short Blades
   162 | D:1      | Reached XP level 2. HP: 19/22 MP: 3/3
  1041 | D:2      | Reached skill level 1 in Armour
  1063 | D:2      | Learned a level 2 spell: Ensorcelled Hibernation
  1233 | D:2      | Found a white marble altar of Elyvilon.
  1283 | D:2      | Reached XP level 3. HP: 27/27 MP: 4/4
  1341 | D:2      | Noticed Sigmund
  1377 | D:2      | Killed Sigmund
  1377 | D:2      | Reached skill level 1 in Fighting
  1377 | D:2      | Reached XP level 4. HP: 27/36 MP: 2/5
  1377 | D:2      | Reached XP level 5. HP: 31/41 MP: 2/6
  1511 | D:2      | Reached XP level 6. HP: 21/48 MP: 7/7
  1722 | D:2      | Noticed Terence
  1949 | D:2      | Killed Terence
  2050 | D:2      | Found a burning altar of Makhleb.
  2462 | D:3      | You fall through a shaft!
  2505 | D:3      | You fall through a shaft!
  2530 | D:4      | Found a hazy altar of Hepliaklqana.
  2536 | D:4      | Found a bloodstained altar of Trog.
  2687 | D:4      | Found Xecik's Magic Scroll Boutique.
  2734 | D:4      | Bought a scroll of identify for 24 gold pieces
  2911 | D:3      | Reached XP level 7. HP: 56/56 MP: 8/8
  3034 | D:3      | Noticed Grinder
  3048 | D:3      | Paralysed by Grinder for 5 turns
  3112 | D:3      | Paralysed by Grinder for 6 turns
  3138 | D:3      | Paralysed by Grinder for 5 turns
  3148 | D:3      | Paralysed by Grinder for 4 turns
  3156 | D:3      | Paralysed by Grinder for 7 turns
  3161 | D:3      | Killed Grinder
  3384 | D:3      | Learned a level 3 spell: Confuse
  3502 | D:3      | Found a deep blue altar of Sif Muna.
  3711 | D:3      | Noticed Robin
  3725 | D:3      | Killed Robin
  3978 | D:4      | Noticed Ijyb
  3989 | D:4      | Killed Ijyb
  4302 | D:5      | Entered Level 5 of the Dungeon
  4302 | D:5      | Found Roylihal's Assorted Antiques.
  4354 | D:5      | Reached XP level 8. HP: 42/62 MP: 9/9
  5058 | D:5      | Found a snail-covered altar of Cheibriados.
  5335 | D:6      | Reached skill level 5 in Dodging
  5549 | D:6      | Found a staircase to the Ecumenical Temple.
  5560 | Temple   | Entered the Ecumenical Temple
  5739 | D:6      | Noticed Dowan
  5741 | D:6      | Noticed Duvessa
  5756 | D:6      | Killed Duvessa
  5777 | D:6      | Killed Dowan
  5837 | D:6      | Reached skill level 5 in Short Blades
  6344 | D:7      | Reached skill level 5 in Armour
  6478 | D:7      | Found an ornate altar of the Wu Jian Council.
  6506 | D:7      | Found a shadowy altar of Dithmenos.
  6506 | D:7      | Found a shattered altar of Ashenzari.
  6506 | D:7      | Found a stormy altar of Qazlal.
  6513 | D:7      | Became a worshipper of Ashenzari the Shackled
  6606 | D:7      | Reached XP level 9. HP: 63/71 MP: 10/10
  7175 | D:8      | Identified the cursed ring "Ockoes" {+Blink +Fly Str-5
                  | Dex-6}
  7505 | D:8      | Reached skill level 5 in Fighting
  7638 | D:9      | Found an opulent altar of Gozag.
  7898 | D:9      | Noticed a komodo dragon
  7908 | D:9      | Killed a komodo dragon
  7908 | D:9      | Reached XP level 10. HP: 81/81 MP: 11/13
  8366 | D:8      | Found a radiant altar of Vehumet.
  8372 | D:8      | Reached * piety under Ashenzari
  9113 | D:9      | Found a staircase to the Lair.
  9260 | D:10     | Entered Level 10 of the Dungeon
  9268 | D:10     | Noticed Maurice
  9291 | D:10     | Killed Maurice
  9327 | D:10     | Found a runed translucent door.
  9334 | D:10     | Noticed Erolcha
  9338 | D:10     | Found a runed translucent door.
  9346 | D:10     | Killed from afar by Erolcha

Skill      XL: |  1  2  3  4  5  6  7  8  9 10 |
---------------+-------------------------------+-----
Short Blades   | 1 2 3 4 5 6 7 |  7.0
Dodging        | 2 3 4 5 7 |  7.3
Armour         | 1 2 3 4 5 6 |  6.9
Fighting       | 1 2 3 4 5 |  5.6
Spellcasting   | 2 3 |  3.0
Stealth        | |  3.2
Hexes          | |  2.4

Action                   |  1- 3 |  4- 6 |  7- 9 | 10-12 || total
-------------------------+-------+-------+-------+-------++-------
Melee: Dagger            |   115 |   315 |   498 |       ||   928
       Short sword       |       |       |   327 |    94 ||   421
 Cast: Ensorcelled Hiber |     1 |       |       |       ||     1
Invok: Curse Item        |       |       |     2 |       ||     2
Evoke: Wand              |       |       |     3 |       ||     3
  Use: Potion            |     3 |       |       |     1 ||     4
       Scroll            |     2 |     5 |    10 |     3 ||    20
 Stab: Sleeping          |     5 |     7 |     8 |     2 ||    22
       Distracted        |       |       |     1 |       ||     1
  Eat: Chunk             |     6 |    22 |    45 |     1 ||    74
Armor: Scale mail        |    16 |       |       |       ||    16
       Robe              |     1 |       |       |       ||     1
       Ring mail         |    29 |   139 |   273 |    26 ||   467
Dodge: Dodged            |    61 |   161 |   495 |    52 ||   769
